 Dungeon Crawl Stone Soup version 0.28-a0-1206-g193881aaa2 (webtiles) character file.

Game seed: 7176200888094057433

791 bearlyready the Cleaver (level 7, -1/57 HPs)
             Began as a Hill Orc Delver on Dec 20, 2021.
             Succumbed to Crazy Yiuf's poison
             ... on level 2 of the Dungeon.
             The game lasted 00:09:46 (6325 turns).

bearlyready the Cleaver (Hill Orc Delver)           Turns: 6325, Time: 00:09:46

Health: -1/57      AC:  9    Str: 21      XL:     7   Next: 88%
Magic:  2/7        EV:  9    Int:  8 (10) God:
Gold:   158        SH:  0    Dex: 10 (12) Spells: 5/6 levels left

rFire   + . .      SeeInvis .   a - +0 war axe
rCold   . . .      Faith    .   (no shield)
rNeg    . . .      Spirit   .   n - +0 fire dragon scales
rPois   .          Reflect  .   r - +0 helmet
rElec   .          Harm     .   (no cloak)
rCorr   .          Rampage  .   (no gloves)
Will    .....                   (no boots)
Stlth   +.........              (no amulet)
HPRegen 0.19/turn               o - ring "Lihup" {Ice Str+4}
MPRegen 0.10/turn               (no ring)

@: lethally poisoned (-1 -> -15)
A: talons 1
a: no special abilities


You were on level 2 of the Dungeon.
You visited 1 branch of the dungeon, and saw 5 of its levels.

You collected 248 gold pieces.
You spent 90 gold pieces at shops.

Inventory:

Hand Weapons
 a - a +0 war axe (weapon)
 i - a +0 hand axe
 u - a +0 hunting sling
Missiles
 h - 171 stones (quivered)
 s - 14 bolts
 t - 18 sling bullets
 w - 14 arrows
Armour
 b - a +0 leather armour
 m - a +0 ring mail
 n - +0 fire dragon scales (worn)
 r - a +0 helmet (worn)
Jewellery
 o - the ring "Lihup" (left hand) {Ice Str+4}
   (You found it on level 4 of the Dungeon)

   [ring of ice]

   It enhances your ice magic.
   Str:       It affects your strength (+4).
   rF:        It makes you vulnerable to fire.
   rC:        It protects you from cold.
Scrolls
 c - a scroll of fog
 d - 3 scrolls of magic mapping
 f - a scroll of teleportation {unknown}
 j - 2 scrolls of enchant armour
 k - a scroll of immolation
 l - a scroll of identify
 q - 2 scrolls of amnesia
Potions
 e - a potion of flight
 p - a potion of lignification {unknown}


   Skills:
 - Level 3.6 Fighting
 + Level 11.4 Axes
 - Level 1.5 Dodging
 - Level 4.1 Stealth


You had 5 spell levels left.
You knew the following spells:

 Your Spells              Type           Power      Damage    Failure   Level
a - Slow                  Hex            0%         N/A       85%         1

Your spell library contained the following spells:

 Spells                   Type           Power      Damage    Failure   Level
 Beastly Appendage        Tmut           0%         N/A       85%         1
 Wereblood                Tmut           0%         N/A       94%         2
 Confusing Touch          Hex            0%         N/A       99%         3
 Gell's Gravitas          Tloc           0%         N/A       99%         3
 Lesser Beckoning         Tloc           0%         N/A       99%         3
 Spider Form              Tmut/Pois      0%         N/A       99%         3
 Teleport Other           Tloc           0%         N/A       99%         3
 Yara's Violent Unravell  Hex/Tmut       0%         3d3       100%        5
 Conjure Ball Lightning   Conj/Air       0%         3x3d6     100%        6
 Discord                  Hex            0%         N/A       100%        8
 Disjunction              Tloc           0%         N/A       100%        8


Dungeon Overview and Level Annotations

Branches:
Dungeon (5/15)             Temple (0/1) D:5

Altars:
Qazlal

Shops:
D:2 *   D:4 ?

Annotations:
D:2 Crazy Yiuf
D:5 1 runed translucent door, ytrimaz's ghost, novice OpTm


Innate Abilities, Weirdness & Mutations

You have sharp toenails.


Message History

Level annotation: Crazy Yiuf
There is a stone staircase leading down here.
Crazy Yiuf is nearby!
You aren't carrying any items that you can evoke.
Unknown command.
Crazy Yiuf shouts!
Crazy Yiuf yells, "East!"
Crazy Yiuf closely misses you.
You slash Crazy Yiuf!
Crazy Yiuf is heavily wounded.
Crazy Yiuf hits you with a +4 quarterstaff of chaos!
You hit Crazy Yiuf but do no damage.
Crazy Yiuf is heavily wounded.
Crazy Yiuf laughs, "East senile Xom!"
Crazy Yiuf hits you with a +4 quarterstaff of chaos!
You hit Crazy Yiuf.
Crazy Yiuf is severely wounded.
Crazy Yiuf hits you with a +4 quarterstaff of chaos.
You are confused.
You hit Crazy Yiuf.
Crazy Yiuf is almost dead.
Crazy Yiuf hits you with a +4 quarterstaff of chaos!
You feel your power leaking away.
You bump into the rock wall.
Crazy Yiuf hits you with a +4 quarterstaff of chaos.
Crazy Yiuf draws strength from your wounds!
You bump into the rock wall.
Crazy Yiuf hits you with a +4 quarterstaff of chaos!
* * * LOW HITPOINT WARNING * * *
You are lethally poisoned!
You bump into the rock wall.
* * * LOW HITPOINT WARNING * * *
You feel very sick.
Crazy Yiuf cries, "Snoogle water shoe!"
Crazy Yiuf hits you with a +4 quarterstaff of chaos!
* * * LOW HITPOINT WARNING * * *
It was a potion of mutation.
You feel extremely strange.
Your toenails lengthen and sharpen.
You feel less confused.
You die...

##.#....#######..###..........#..
##.#.#####.......###..........#..
##.#......####....###...##....#..
##.#<.....# #....# #...##....#..
##.#......# #..P.# #...##....#..
##........# ##PP.# #........##..
..........# ##.## #........##..
.##.......# ##.# #........##..
.##.......# #@## ##.#########.
..........# ##g# #........##.
#.........# #.## #.........†.
#.........# #'# ##.....).....
..........# ... #...##...#...
........### #...# #...##...#...
........### #)..# #...##...##..
........#.# ##### #...##...##..
........#.# #...##.......


You could see Crazy Yiuf.

Vanquished Creatures
  Menkaure (D:4)
  An ogre (D:5)
  A phantom (D:5)
  A bullfrog (D:4)
  A scorpion (D:4)
  2 hounds (D:4)
  An orc priest (D:4)
  An iguana (D:3)
  Natasha (thrice) (D:1)
  Terence (D:2)
  A hound zombie (D:3)
  Robin (D:4)
  6 adders
  2 adder skeletons (D:3)
  4 dart slugs
  3 orcs (D:4)
  5 ball pythons
  5 endoplasms
  3 giant cockroaches
  14 goblins
  10 hobgoblins
  7 jackals
  3 quokkas
  2 ball python skeletons (D:3)
  6 bats
  A frilled lizard (D:3)
  A jackal skeleton (D:3)
  A jackal zombie (D:3)
  7 kobolds
  10 rats
105 creatures vanquished.

Vanquished Creatures (others)
  A fungus (D:2)
  A plant (D:1)
  6 toadstools (D:5)
8 creatures vanquished.

Grand Total: 113 creatures vanquished

Notes
Turn   | Place    | Note
-------+----------+-------------------------------------------
     0 | D:5      | bearlyready the Hill Orc Delver began the quest for the
                  | Orb.
     0 | D:5      | Reached XP level 1. HP: 19/19 MP: 1/1
     2 | D:4      | Found Gegyq's Magic Scroll Shop.
    43 | D:4      | Reached skill level 3 in Axes
   110 | D:4      | Noticed an iguana
   126 | D:3      | Reached XP level 2. HP: 6/26 MP: 2/2
   641 | D:2      | Noticed Terence
   753 | D:3      | Found a stormy altar of Qazlal.
   774 | D:3      | Reached skill level 4 in Axes
   962 | D:3      | Reached skill level 5 in Axes
   962 | D:3      | Reached XP level 3. HP: 29/31 MP: 3/3
  1006 | D:2      | Noticed Natasha
  1020 | D:1      | Killed Natasha
  1021 | D:1      | Reached XP level 4. HP: 10/39 MP: 4/4
  1466 | D:1      | Noticed Natasha
  1485 | D:1      | Killed Natasha
  1486 | D:1      | Reached skill level 6 in Axes
  1585 | D:1      | Found a faded altar of an unknown god.
  1878 | D:1      | Noticed Natasha
  1889 | D:1      | Killed Natasha
  1890 | D:1      | Reached skill level 7 in Axes
  1890 | D:1      | Reached XP level 5. HP: 30/45 MP: 5/5
  2385 | D:2      | Found Fuqeefojoo's General Store.
  2395 | D:2      | Bought a scroll of enchant armour for 90 gold pieces
  2595 | D:2      | Killed Terence
  3126 | D:2      | Found a runed translucent door.
  3127 | D:2      | Noticed Crazy Yiuf
  3513 | D:3      | Reached skill level 8 in Axes
  3513 | D:3      | Reached XP level 6. HP: 49/51 MP: 6/6
  3980 | D:4      | Noticed Robin
  4004 | D:3      | HP: 2/51 [poisoned by Robin]
  4685 | D:4      | Noticed a black bear
  4705 | D:5      | Found a staircase to the Ecumenical Temple.
  4710 | D:5      | Noticed a yak
  4715 | D:5      | Noticed a yak
  4716 | D:5      | Reached skill level 9 in Axes
  4717 | D:5      | Noticed a yak
  4718 | D:5      | Noticed a yak
  4720 | D:5      | Noticed a yak
  4746 | D:5      | Found a runed translucent door.
  4749 | D:5      | Noticed ytrimaz's ghost (novice OpTm)
  4761 | D:5      | Reached XP level 7. HP: 10/57 MP: 7/7
  5032 | D:4      | Noticed Menkaure
  5042 | D:4      | Killed Menkaure
  5043 | D:4      | Reached skill level 10 in Axes
  5319 | D:4      | Learned a level 1 spell: Slow
  5637 | D:4      | Reached skill level 11 in Axes
  5821 | D:4      | Identified the ring "Lihup" {Ice Str+4}
  6038 | D:4      | Killed Robin
  6325 | D:2      | Gained mutation: You have sharp toenails. [potion of
                  | mutation]
  6325 | D:2      | Succumbed to Crazy Yiuf's poison

Illustrated notes

Levels and vault maps discovered:
D:1:      kilobyte_arrival_exit_the_forest, layout_basic, basic_ecumenical_altar
D:2:      layout_basic, serial_shops, nicolae_lakefront_shop, uniq_terence,
          uniq_natasha, uniq_crazy_yiuf_cottage
D:3:      layout_basic, mainiacjoe_overflow_concentric_impassable,
          serial_undead, serial_undead_d, serial_undead_f, serial_undead_e,
          serial_undead_c, serial_undead_c, serial_undead_d, serial_undead_d,
          serial_undead_b, kennysheep_nondescript
D:4:      layout_basic, serial_shops, nicolae_shop_statue_plus,
          chequers_arboretum, uniq_robin, uniq_menkaure
D:5:      cheibrodos_fertilizer, layout_rooms, minmay_temple_entry_statues,
          ebering_ghost_sewer_d, minmay_misc_feat_doors, hangedman_decor_points

Skill      XL: |  1  2  3  4  5  6  7 |
---------------+----------------------+-----
Axes           | 3 5 7 8 9 11 | 11.4
Fighting       | |  3.6
Dodging        | |  1.5
Stealth        | |  4.1

Action                   |  1- 3 |  4- 6 |  7- 9 || total
-------------------------+-------+-------+-------++-------
Melee: Hand axe          |    69 |   184 |       ||   253
       War axe           |       |    60 |    68 ||   128
Evoke: Wand              |       |    12 |     3 ||    15
  Use: Potion            |     1 |     6 |     1 ||     8
       Scroll            |       |     3 |       ||     3
 Stab: Sleeping          |     3 |       |       ||     3
Armor: Ring mail         |    23 |       |       ||    23
       Fire dragon scale |     9 |   111 |    29 ||   149
Dodge: Dodged            |    43 |   136 |    30 ||   209

Table legend: (Time is in decaauts)
 A = Elapsed time spent in this place.
 B = Non-inter-level travel time spent in this place.
 C = Inter-level travel time spent in this place.
 D = Time resting spent in this place.
 E = Time spent auto-exploring this place.
 F = Levels seen in this place.
 G = Mean time per level.
                   A        B        C        D        E       F      G
               +--------+--------+--------+--------+--------+-----+--------+
         Total |   6327 |   6102 |    225 |   1813 |   3061 |   5 | 1265.4 |
       Dungeon |   6327 |   6102 |    225 |   1813 |   3061 |   5 | 1265.4 |
               +--------+--------+--------+--------+--------+-----+--------+

Top non-repeatable levels by time:
     D:3: 2120 daAuts
     D:4: 1830 daAuts
     D:1: 1212 daAuts
     D:2: 1064 daAuts
     D:5: 99 daAuts
